 Dungeon Crawl Stone Soup version 0.28-a0-1080-g05a166d0ed (webtiles) character file.

Game seed: 17926932236481203756

11 ragingrage the Cudgeller (level 2, -5/17 HPs)
             Began as a Gargoyle Warper on Dec 9, 2021.
             Killed from afar by Sigmund (7 damage)
             ... with a puff of flame
             ... on level 2 of the Dungeon.
             The game lasted 00:01:56 (518 turns).

ragingrage the Cudgeller (Gargoyle Warper)           Turns: 518, Time: 00:01:56

Health: -5/17      AC:  7    Str: 14    XL:     2   Next: 25%
Magic:  5/5        EV: 11    Int: 13    God:
Gold:   13         SH:  0    Dex:  9    Spells: 5/5 levels left

rFire   . . .      SeeInvis .   a - +0 mace
rCold   . . .      Faith    .   (no shield)
rNeg    + . .      Spirit   .   b - +0 leather armour
rPois   ∞          Reflect  .   (no helmet)
rElec   +          Harm     .   (no cloak)
rCorr   .          Rampage  .   e - +0 pair of gloves
Will    .....                   (no boots)
Stlth   ..........              (no amulet)
HPRegen 0.05/turn               (no ring)
MPRegen 0.09/turn               (no ring)

@: confused
A: sickness immunity, AC +2, negative energy resistance 1, electricity
resistance, torment resistance 1, petrification resistance
a: no special abilities


You were on level 2 of the Dungeon.
You visited 1 branch of the dungeon, and saw 2 of its levels.

You collected 13 gold pieces.

Inventory:

Hand Weapons
 a - a +0 mace (weapon)
Missiles
 d - 5 boomerangs of dispersal (quivered)
Armour
 b - a +0 leather armour (worn)
 e - a +0 pair of gloves (worn)


   Skills:
 - Level 2.1 Fighting
 * Level 2.9 Maces & Flails
 - Level 0.8 Throwing
 - Level 1.1 Armour
 - Level 1.5 Dodging
 - Level 2.0 Spellcasting
 - Level 2.6 Translocations


You had 5 spell levels left.
You didn't know any spells.
Your spell library contained the following spells:

 Spells                   Type           Power      Damage    Failure   Level
 Blink                    Tloc           16%        N/A       16%         2
 Gell's Gravitas          Tloc           8%         N/A       30%         3
 Lesser Beckoning         Tloc           8%         N/A       30%         3
 Teleport Other           Tloc           8%         N/A       30%         3
 Manifold Assault         Tloc           8%         N/A       96%         5


Dungeon Overview and Level Annotations

Branches:
Dungeon (2/15)

Altars:

Annotations:
D:2 Sigmund


Innate Abilities, Weirdness & Mutations

You are immune to sickness and miasma.
Your stone body is resilient. (AC +2)
You are immune to poison.
You resist negative energy. (rN+)
You are resistant to electric shocks. (rElec)
You are resistant to unholy torment.
You are immune to petrification.


Message History

You aren't carrying any potions.
The bat hits you but does no damage. The bat hits you but does no damage. x2
The bat hits you but does no damage. The bat misses you.
The bat hits you but does no damage. The bat closely misses you.
A goblin comes into view. It is wielding a +0 dagger.
The goblin shouts!
The bat misses you. The bat closely misses you.
The bat hits you but does no damage. The bat hits you.
* * * LOW HITPOINT WARNING * * *
The bat closely misses you. The bat hits you.
* * * LOW HITPOINT WARNING * * *
The bat hits you but does no damage.
You see here a scroll labelled MUSCHA KYIGALY.
The bat closely misses you. The bat hits you but does no damage. x2
The bat barely misses you. The bat closely misses you.
The bat hits you but does no damage. x2
The bat completely misses you.
Found a stone staircase leading up.
The bat closely misses you. The bat misses you. The bat barely misses you.
The bat hits you.
* * * LOW HITPOINT WARNING * * *
The bat hits you but does no damage. The bat misses you.
A hobgoblin comes into view.
The hobgoblin shouts!
The bat misses you. The bat hits you but does no damage.
Sigmund the Dreaded comes into view.
He is wielding a +0 scythe.
Sigmund shouts!
The bat barely misses you. The bat closely misses you.
The bat barely misses you. The bat closely misses you. The bat misses you.
Sigmund points at you and mumbles some strange words.
You are confused.
The hobgoblin hits you but does no damage.
There is a stone staircase leading up here.
The bat hits you but does no damage. x2; The bat barely misses you.
Sigmund points at you and mumbles some strange words.
The puff of flame hits you!
You die...

## #.#.# #.#.# # .#.
#.#.######. .....#
#.#.. ..#.###. ....
#.#@# #.#.. . ...#
#.#.###.#.#.##.#...
####....##.#.#........
#...g@..gSS.......#.#.
#.#.#bb.##.#g####.#..
#....###.#.# #...##
##.#.# #.#g# #.#..b
#.#.# #.#.# #.#.#.
#.#.###S#S####.#.#.
........!.g.SS.g.gr
#.#............####
...###########


You could see Sigmund, an adder, 2 hobgoblins, a goblin, 2 bats and a ball
python.

Vanquished Creatures
  An endoplasm (D:1)
  A hobgoblin (D:1)
  A kobold (D:1)
  A quokka (D:1)
  2 ball pythons
  3 bats
  A frilled lizard (D:1)
  A rat (D:1)
11 creatures vanquished.

Notes
Turn   | Place    | Note
-------+----------+-------------------------------------------
     0 | D:1      | ragingrage the Gargoyle Warper began the quest for the Orb.
     0 | D:1      | Reached XP level 1. HP: 12/12 MP: 3/3
   368 | D:1      | Reached XP level 2. HP: 17/17 MP: 5/5
   373 | D:1      | You fall into a shaft and drop 1 floor!
   515 | D:2      | Noticed Sigmund
   518 | D:2      | Killed from afar by Sigmund

Illustrated notes

Levels and vault maps discovered:
D:1:      dpeg_arrival_simpleton_b, layout_loops_ring, basic_ecumenical_altar
D:2:      layout_loops_ring, minmay_vboxes, uniq_sigmund

Action                   || total
-------------------------++-------
Melee: Mace              ||    28
  Use: Scroll            ||     1
Armor: Leather armour    ||    84
Dodge: Dodged            ||   107

Table legend: (Time is in decaauts)
 A = Elapsed time spent in this place.
 B = Non-inter-level travel time spent in this place.
 C = Inter-level travel time spent in this place.
 D = Time resting spent in this place.
 E = Time spent auto-exploring this place.
 F = Levels seen in this place.
 G = Mean time per level.
                   A        B        C        D        E       F      G
               +--------+--------+--------+--------+--------+-----+--------+
         Total |    525 |    509 |     16 |      0 |    307 |   2 |  262.5 |
       Dungeon |    525 |    509 |     16 |      0 |    307 |   2 |  262.5 |
               +--------+--------+--------+--------+--------+-----+--------+

Top non-repeatable levels by time:
     D:1: 378 daAuts
     D:2: 146 daAuts
